 Dungeon Crawl Stone Soup version 0.18.1-2-ga659475 (webtiles) character file.

32097 nikopol the Basher (level 13, -3/118 HPs)
             Began as a Hill Orc Fighter on May 7, 2016.
             Was a High Priest of Okawaru.
             Slain by an ice dragon (6 damage)
             ... in an ice cave on May 8, 2016.
             The game lasted 01:14:21 (17398 turns).

nikopol the Basher (Hill Orc Fighter)              Turns: 17398, Time: 01:14:21

Health: -3/118     AC: 16    Str: 26    XL:     13   Next: 62%
Magic:  13/13      EV:  8    Int:  8    God:    Okawaru [*****.]
Gold:   1185       SH: 14    Dex: 13    Spells: 0 memorised, 12 levels left

rFire  . . .     SeeInvis .     n - +10 whip of World Downfall {freeze, +Inv rN++}
rCold  . . .     Gourm    .     O - +1 chain mail {rN+}
rNeg   + + +     Faith    .     c - +1 shield
rPois  +         Spirit   .     (no helmet)
rElec  .         Dismiss  .     A - +1 cloak
rCorr  .         Reflect  .     Q - +0 pair of gloves
SustAt .         Harm     .     (no boots)
MR     +....                    (no amulet)
Stlth  ..........               B - ring of poison resistance
                                P - ring of protection from magic

@: mighty, invisible, somewhat resistant to hostile enchantments, extremely
unstealthy
A: no striking features
a: Heroism, Finesse, Renounce Religion


You were in an ice cave.
You worshipped Okawaru.
Okawaru was extremely pleased with you.
You were not hungry.

You visited 3 branches of the dungeon, and saw 16 of its levels.
You also visited: Sewer and Ice Cave.

You collected 1185 gold pieces.

Inventory:

Hand Weapons
 i - a +2 morningstar of holy wrath
 n - the +10 whip of World Downfall (weapon) {freeze, +Inv rN++}
   (You found it on level 4 of the Dungeon)

   It has been specially enchanted to freeze those struck by it, causing extra
   injury to most foes and up to half again as much damage against particularly
   susceptible opponents.
   It can also slow down cold-blooded creatures.
   It greatly protects you from negative energy.
   It lets you turn invisible.
Missiles
 a - 5 javelins of penetration (quivered)
 Z - 2 poisoned tomahawks
Armour
 c - a +1 shield (worn)
 A - a +1 cloak (worn)
 O - a +1 chain mail of positive energy (worn)
 Q - a +0 pair of gloves (worn)
Jewellery
 m - an uncursed amulet of magic regeneration
 r - a +2 ring of slaying
 z - an uncursed ring of see invisible
 B - a ring of poison resistance (right hand)
 P - a ring of protection from magic (left hand)
 U - an uncursed amulet of dismissal
Wands
 o - a wand of digging (20/24)
 p - a wand of paralysis (14/24)
 w - a wand of flame (42/48)
 E - a wand of enslavement (15/24)
Scrolls
 j - 7 scrolls of teleportation
 q - 3 scrolls of remove curse
 v - a scroll of magic mapping
 y - 4 scrolls of enchant weapon
 D - a scroll of silence {unknown}
 G - 10 scrolls of identify
 I - 4 scrolls of amnesia
 J - 2 scrolls of recharging
 M - 2 scrolls of blinking {unknown}
 S - a scroll of acquirement {unknown}
 V - 3 scrolls of fear
 W - a scroll of torment {unknown}
Potions
 d - a potion of might
 e - 3 potions of agility
 g - 3 potions of flight
 s - a potion of magic
 t - 2 potions of brilliance
 C - 3 potions of curing
 K - 3 potions of haste
 Y - 2 potions of ambrosia {unknown}
Books
 R - a Necronomicon

   Spells                             Type                      Level
   a - Haunt                          Necromancy/Summoning         7
   b - Borgnjor's Revivification      Necromancy                   8
   c - Death's Door                   Charms/Necromancy            8
   d - Necromutation                  Transmutation/Necromancy     8
Comestibles
 f - 10 bread rations
 k - 15 fruits
 l - 6 meat rations
 u - 3 beef jerkies
 x - a slice of pizza


   Skills:
 + Level 12.0 Fighting
   Level 3.1(11.4) Axes
 * Level 14.0(14.1) Maces & Flails
 + Level 8.2 Throwing
 + Level 10.8 Armour
 + Level 10.7 Shields


You had 12 spell levels left.
You didn't know any spells.

Dungeon Overview and Level Annotations

Branches:
Dungeon (10/15)            Temple (1/1) D:7            Lair (5/8) D:10
 Spider (0/4) Lair:3
  Swamp: Lair:3-6    Shoals: Lair:3-6       Orc: D:9-12

Altars:
Ashenzari
Cheibriados
Dithmenos
Elyvilon
Fedhas
Gozag
Kikubaaqudgha
Makhleb
Nemelex Xobeh
Okawaru
Pakellas
Qazlal
Ru
Sif Muna
Trog
Vehumet
Xom
Yredelemnul
Zin
The Shining One


Message History

You block the ice dragon's attack.
The ice dragon bites you but does no damage.
The ice dragon closely misses you. You block the ice dragon's attack.
You whack the ice dragon!
You kill the ice dragon!
Okawaru accepts your kill.
Your Fighting skill increases to level 12!
The ice dragon completely misses you. The ice dragon closely misses you.
You block the ice dragon's attack.
You see here an ice dragon corpse.
Your shield and chain mail prevent you from hitting the ice dragon.
You block the ice dragon's attack. x2; The ice dragon tramples you!
* * * LOW HITPOINT WARNING * * *
You stumble backwards!
You hit the ice dragon.
The ice dragon is lightly wounded.
Drink which item? (? for menu, Esc to quit)
You fade into invisibility!
The ice dragon bites you.
You die...

#..### ####
##...######
###......##
####....##
####..## ###
#### ##..###.##
$$$# ##.#....#
$.."$ #...##.#
....= #####@.###
......
#..D##.###......
##......#.....#
####......#
########


You could see an ice dragon.

Vanquished Creatures
  Maud (Lair:4)
  An ice dragon (IceCv)
  Nergalle (D:10)
  2 hill giants (D:10)
  A cyclops (D:8)
  Maurice (D:10)
  12 elephants
  2 black mambas
  2 ice statues (IceCv)
  Joseph (D:8)
  A gargoyle (D:10)
  10 spiny frogs
  3 rime drakes
  3 komodo dragons
  A troll (D:8)
  3 jumping spiders (Lair:3)
  A boulder beetle (Lair:4)
  2 two-headed ogres
  17 blink frogs
  3 spriggans (Lair:2)
  3 redbacks (Lair:3)
  10 yaks
  A steam dragon (Lair:4)
  4 hippogriffs
  3 hungry ghosts
  11 porcupines
  7 water moccasins
  19 ice beasts
  3 orc warriors
  A wasp (D:7)
  2 sky beasts
  2 black bears
  4 ogres
  The ghost of Shenda the Ruffian, an amateur DrTm (D:3)
  2 phantoms
  A centaur (D:5)
  8 crocodiles
  7 big kobolds (Sewer)
  2 gnoll sergeants
  10 giant frogs
  A scorpion (D:7)
  A water moccasin skeleton (D:5)
  5 killer bees (D:8)
  7 wights
  2 jellies (D:10)
  3 crimson imps
  3 giant frog zombies
  A centaur zombie (D:5)
  6 hounds
  A gnoll shaman (D:3)
  5 orc priests
  4 giant frog skeletons
  A centaur skeleton (D:4)
  10 iguanas
  12 orc wizards
  12 worker ants
  A hound skeleton (D:8)
  5 worker ant zombies
  13 adders
  22 gnolls
  A howler monkey skeleton (D:9)
  22 river rats
  2 shadow imps
  2 oozes (D:1)
  4 adder zombies
  2 adder skeletons
  8 worms
  3 dart slugs
  7 giant geckos
  27 orcs
  6 ball pythons
  4 giant cockroaches
  5 goblins
  3 hobgoblins
  13 jackals
  10 kobolds
  5 quokkas
  16 bats
  2 giant cockroach zombies (D:5)
  A giant gecko skeleton (D:7)
  A giant gecko zombie (D:5)
  7 giant newts
  2 quokka zombies
  19 rats
  4 fungi
  A plant (D:10)
461 creatures vanquished.

Vanquished Creatures (others)
  A hungry ghost (D:6)
  13 fungi
  A plant (D:10)
15 creatures vanquished.

Grand Total: 476 creatures vanquished

Notes
Turn   | Place    | Note
--------------------------------------------------------------
     0 | D:1      | nikopol the Hill Orc Fighter began the quest for the Orb.
     0 | D:1      | Reached XP level 1. HP: 19/19 MP: 1/1
    87 | D:1      | Reached XP level 2. HP: 23/27 MP: 2/2
   418 | D:1      | Reached XP level 3. HP: 27/33 MP: 3/3
   923 | D:2      | You fall through a shaft for 2 floors!
   964 | D:4      | Got a crystal whip
   965 | D:4      | Identified the +10 whip of World Downfall {freeze, +Inv rN++} (You found it on level 4 of the Dungeon)
   990 | D:4      | Reached skill level 1 in Maces & Flails
   990 | D:4      | Reached XP level 4. HP: 40/40 MP: 4/4
  1181 | D:4      | Reached skill level 2 in Maces & Flails
  1460 | D:4      | Reached XP level 5. HP: 47/47 MP: 5/5
  1579 | D:4      | Found a shimmering altar of Xom.
  1668 | D:4      | Reached skill level 3 in Maces & Flails
  1668 | D:4      | Reached XP level 6. HP: 55/55 MP: 6/6
  1672 | D:4      | Reached skill level 5 in Fighting
  1802 | D:5      | Entered Level 5 of the Dungeon
  1829 | D:5      | Reached skill level 4 in Maces & Flails
  1840 | D:5      | Noticed a two-headed ogre
  1846 | D:5      | Killed a two-headed ogre
  1846 | D:5      | Reached skill level 1 in Throwing
  1846 | D:5      | Reached XP level 7. HP: 37/61 MP: 7/7
  1945 | D:5      | Reached skill level 5 in Armour
  2322 | D:5      | Reached skill level 5 in Maces & Flails
  2322 | D:5      | Reached skill level 5 in Shields
  2387 | D:5      | Reached XP level 8. HP: 14/70 MP: 8/8
  2472 | D:5      | Found a glowing drain.
  2491 | Sewer    | Entered a sewer
  2857 | Sewer    | Reached skill level 6 in Maces & Flails
  3734 | D:5      | Reached skill level 7 in Maces & Flails
  3734 | D:5      | Reached XP level 9. HP: 32/78 MP: 9/9
  4201 | D:6      | Found an oddly glowing altar of Pakellas.
  4388 | D:6      | Found a basalt altar of Yredelemnul.
  4732 | D:6      | Found a sparkling altar of Nemelex Xobeh.
  5103 | D:7      | Reached skill level 8 in Maces & Flails
  5207 | D:7      | Found a staircase to the Ecumenical Temple.
  5231 | D:7      | Found a shadowy altar of Dithmenos.
  5415 | D:7      | Upgraded the game from 0.18.1-1-g2f07953 to 0.18.1-2-ga659475
  5418 | D:7      | Found a radiant altar of Vehumet.
  5577 | D:7      | Reached XP level 10. HP: 64/88 MP: 10/10
  5784 | D:7      | Reached skill level 9 in Maces & Flails
  6291 | D:8      | Noticed Joseph
  6305 | D:8      | Killed Joseph
  6596 | D:8      | Reached skill level 5 in Throwing
  6905 | D:8      | Noticed a cyclops
  7032 | D:8      | Killed a cyclops
  7276 | D:9      | Reached skill level 10 in Maces & Flails
  7727 | D:9      | Reached XP level 11. HP: 83/97 MP: 11/11
  7791 | D:9      | Found a blossoming altar of Fedhas.
  7835 | D:9      | Found a white marble altar of Elyvilon.
  8079 | D:10     | Entered Level 10 of the Dungeon
  8230 | Temple   | Entered the Ecumenical Temple
  9088 | D:2      | Found an iron altar of Okawaru.
  9100 | D:2      | Became a worshipper of Warmaster Okawaru
  9593 | D:2      | Found a sparkling altar of Nemelex Xobeh.
  9738 | D:3      | Found a stormy altar of Qazlal.
  9924 | D:3      | Noticed Shenda's ghost (amateur DrTm)
  9934 | D:3      | Killed Shenda's ghost
  9953 | D:3      | Found a faded altar to an unknown god.
 10740 | D:10     | Noticed a hill giant
 10751 | D:10     | Killed a hill giant
 10751 | D:10     | Reached skill level 11 in Maces & Flails
 11058 | D:10     | Noticed Maurice
 11063 | D:10     | Noticed a hill giant
 11075 | D:10     | Killed Maurice
 11078 | D:10     | Killed a hill giant
 11078 | D:10     | Reached * piety under Okawaru
 11134 | D:10     | Found a staircase to the Lair.
 11312 | D:10     | Noticed Nergalle
 11340 | D:10     | Noticed a spectral orc warlord
 11365 | D:10     | Killed Nergalle
 11592 | Lair:1   | Entered Level 1 of the Lair of Beasts
 11637 | Lair:1   | Reached ** piety under Okawaru
 11698 | Lair:1   | Reached skill level 10 in Fighting
 12377 | Lair:2   | Reached *** piety under Okawaru
 12377 | Lair:2   | Reached XP level 12. HP: 78/106 MP: 12/12
 12624 | Lair:2   | Reached skill level 12 in Maces & Flails
 13234 | Lair:3   | Reached **** piety under Okawaru
 13433 | Lair:3   | Received a gift from Okawaru
 13879 | Lair:3   | Reached ***** piety under Okawaru
 14043 | Lair:3   | Received a gift from Okawaru
 14043 | Lair:3   | Reached skill level 10 in Armour
 14047 | Lair:3   | Found a hole to the Spider Nest.
 14055 | Lair:3   | Reached skill level 13 in Maces & Flails
 14574 | Lair:4   | Reached skill level 10 in Shields
 14881 | Lair:3   | Reached XP level 13. HP: 78/116 MP: 13/13
 15201 | Lair:4   | Noticed Maud
 15220 | Lair:4   | Killed Maud
 16375 | Lair:4   | Received a gift from Okawaru
 16789 | Lair:5   | Found a frozen archway.
 16804 | IceCv    | Entered an ice cave
 17344 | IceCv    | Reached skill level 14 in Maces & Flails
 17367 | IceCv    | Noticed an ice dragon
 17369 | IceCv    | Noticed an ice dragon
 17394 | IceCv    | Killed an ice dragon
 17396 | IceCv    | HP: 3/118 [ice dragon (9)]
 17398 | IceCv    | Slain by an ice dragon

Skill      XL: |  1  2  3  4  5  6  7  8  9 10 11 12 13 |
---------------+----------------------------------------+-----
Fighting       | 4 5 6 8 9 10 11 12 | 12.0
Axes           | 3 |  3.1
Maces & Flails | 1 2 3 4 5 7 8 10 11 13 14 | 14.0
Armour         | 4 5 6 8 9 10 | 10.8
Shields        | 4 5 6 7 8 10 | 10.7
Throwing       | 1 2 4 5 6 7 8 |  8.2

Action                   |  1- 3 |  4- 6 |  7- 9 | 10-12 | 13-15 || total
-------------------------+-------+-------+-------+-------+-------++-------
Melee: War axe           |    60 |       |       |       |       ||    60
       Whip              |     3 |    66 |   357 |   875 |   349 ||  1650
Throw: Tomahawk          |       |     2 |    11 |    32 |    47 ||    92
       Javelin           |       |       |       |       |    26 ||    26
Invok: Heroism           |       |       |       |       |     2 ||     2
  Use: Scroll            |       |     1 |     6 |    17 |       ||    24
       Potion            |       |       |       |       |     3 ||     3
  Eat: Chunk             |       |     3 |    14 |    32 |     7 ||    56
       Pizza             |       |       |       |       |     1 ||     1
Armor: Scale mail        |    28 |     9 |    88 |    60 |       ||   185
       Leather armour    |       |       |       |    18 |       ||    18
       Chain mail        |       |       |       |   160 |    80 ||   240
Dodge: Dodged            |    20 |    18 |    56 |   138 |    52 ||   284
Block: Shield            |    42 |    35 |   170 |   394 |   127 ||   768
